 Dungeon Crawl Stone Soup version 0.28.0 (webtiles) character file.

Game seed: 14874172467742656074

278 SnakkuSnakku7 the Skirmisher (level 6, -1/37 (40) HPs)
             Began as a Tengu Enchanter on Feb 5, 2022.
             Was an Initiate of Gozag.
             Slain by an orc (4 damage)
             ... on level 4 of the Dungeon.
             The game lasted 00:05:37 (3878 turns).

SnakkuSnakku7 the Skirmisher (Tengu Enchanter)      Turns: 3878, Time: 00:05:42

HP:   -1/37 (40)    AC:  5    Str: 11    XL:     6   Next: 26%
MP:   10/10         EV: 14    Int: 15    God:    Gozag
Gold: 559           SH:  0    Dex: 14    Spells: 9/9 levels left

rFire   + . .      SeeInvis .   a - +1 dagger
rCold   . . .      Faith    .   (no shield)
rNeg    . . .      Spirit   .   l - +2 leather armour {rF+}
rPois   .          Reflect  .   (helmet restricted)
rElec   .          Harm     .   (no cloak)
rCorr   .          Rampage  .   (no gloves)
Will    .....                   (boots unavailable)
Stlth   ++........              (no amulet)
HPRegen 0.12/turn               (no ring)
MPRegen 0.12/turn               (no ring)

@: gold aura, flying quickly and evasively, drained, quick
A: beak, talons 3, nimble flight
a: Renounce Religion, Potion Petition, Call Merchant, Bribe Branch


You were on level 4 of the Dungeon.
You worshipped Gozag.
Gozag was pleased with you.
You visited 1 branch of the dungeon, and saw 4 of its levels.

You collected 559 gold pieces.

Inventory:

Hand Weapons
 a - a +1 dagger (weapon)
Missiles
 h - 26 bolts
 q - 7 poisoned darts (quivered)
Armour
 b - a +0 robe
 k - a +0 ring mail
 l - a +2 leather armour of fire resistance (worn)
Scrolls
 f - 2 scrolls of identify {unknown}
 g - a scroll of teleportation {unknown}
 i - a scroll of fear {unknown}
 m - a scroll of enchant weapon {unknown}
 n - a scroll of noise {unknown}
 o - a scroll of torment {unknown}
 p - a scroll of blinking {unknown}
Potions
 c - a potion of invisibility
 d - a potion of curing {unknown}
 e - a potion of flight {unknown}
 j - a potion of lignification {unknown}


   Skills:
 - Level 4.8 Fighting
 - Level 1.1 Short Blades
 + Level 3.1 Throwing
 - Level 2.1 Dodging
 - Level 3.0 Stealth
 - Level 2.0 Spellcasting
 - Level 2.1 Hexes


You had 9 spell levels left.
You didn't know any spells.
Your spell library contained the following spells:

 Spells                   Type           Power      Damage    Failure   Level
 Ensorcelled Hibernation  Hex/Ice        8%         N/A       28%         2
 Confusing Touch          Hex            8%         N/A       34%         3
 Tukima's Dance           Hex            8%         N/A       34%         3
 Dazzling Flash           Conj/Hex       8%         N/A       50%         3
 Passage of Golubria      Tloc           1%         N/A       96%         4
 Yara's Violent Unravell  Hex/Tmut       2%         3d3       99%         5


Dungeon Overview and Level Annotations

Branches:
Dungeon (4/15)
 Temple: D:4-7

Altars:
Gozag
Ru
Wu Jian
Yredelemnul

Shops:
D:4 (


Innate Abilities, Weirdness & Mutations

You have a beak for a mouth.
You have claws for feet.
Your magical nature lets you fly swiftly and evasively.


Message History

The orc is distracted by your dazzling golden aura.
You hit the orc but do no damage. Your kick misses the orc. You peck the orc.
The orc is severely wounded.
The orc closely misses you.
You closely miss the orc. You claw the orc, but do no damage.
You punch the orc.
You kill the orc!
The orc is no longer distracted by gold.
Throw: 8 darts (poison)
Press: ? - help, Q - select action, (/) - cycle Shift-Dir - straight line, f - orc
Aim: an orc, wielding a +3 whip of draining and wearing a +0 leather armour (moderately wounded, 62% to hit)
You throw a poisoned dart.
Unknown command.
You hit something but do no damage. Something hits you.
You hit something. Your kick misses something. Your peck misses something.
Something barely misses you.
You closely miss something. Your kick misses something. Something hits you.
You closely miss something. Your kick misses something. You hit something.
Your peck misses something. Something hits you but does no damage.
You closely miss something. You barely miss something. You claw something.
Something hits you but does no damage.
You closely miss something. You claw something.
Reactivating autopickup.
You feel a bit more experienced.
Your life force feels restored.
Your Throwing skill increases to level 3!
You hit the orc but do no damage. You claw the orc. Your peck misses the orc.
The orc is heavily wounded.
The orc hits you with a +3 whip of draining.
* * * LOW HITPOINT WARNING * * *
You feel drained.
You hit the orc.
The orc is severely wounded.
The orc hits you with a +3 whip of draining!
* * * LOW HITPOINT WARNING * * *
You feel drained.
You die...
Your body crumbles into a pile of gold.

..............#...##...###.......
....##.o......#...'....# ##....†#
....##...)....+...####.# ##...##
#...##....o...#......#.#########
#...#########o#.##.#.#....# #####
#B#. #.#...##.# #.# ..#<..##.#
#.###########.# #..o@)).......#
###############


You could see an orc.

Vanquished Creatures
  A centaur skeleton (D:4)
  An orc priest (D:4)
  A bullfrog skeleton (D:4)
  2 orc wizards (D:4)
  A hound skeleton (D:3)
  4 adders
  2 adder skeletons (D:4)
  3 dart slugs
  14 orcs
  6 endoplasms
  3 giant cockroaches
  9 hobgoblins
  3 jackals (D:2)
  2 quokkas
  3 ball pythons
  3 bats
  3 frilled lizards (D:1)
  3 goblins
  6 kobolds
  3 rats (D:1)
73 creatures vanquished.

Notes
Turn   | Place    | Note
-------+----------+-------------------------------------------
     0 | D:1      | SnakkuSnakku7 the Tengu Enchanter began the quest for the
                  | Orb.
     0 | D:1      | Reached XP level 1. HP: 10/10 MP: 4/4
   234 | D:1      | Found a faded altar of an unknown god.
   240 | D:1      | Reached skill level 1 in Fighting
   255 | D:1      | Prayed at the altar of an unknown god.
   255 | D:1      | Became a worshipper of Gozag Ym Sagoz the Greedy
   447 | D:1      | Reached XP level 2. HP: 16/16 MP: 6/6
   784 | D:2      | Reached skill level 2 in Fighting
  1221 | D:2      | Reached XP level 3. HP: 22/22 MP: 7/7
  1243 | D:2      | Found a basalt altar of Yredelemnul.
  1318 | D:2      | Reached skill level 3 in Fighting
  1888 | D:3      | Noticed an ogre
  1973 | D:3      | Reached XP level 4. HP: 23/28 MP: 8/8
  2031 | D:3      | Noticed an orc warrior
  2248 | D:3      | Reached skill level 4 in Fighting
  2557 | D:4      | Found a sacrificial altar of Ru.
  2694 | D:4      | Gained mutation: Your magical nature lets you fly swiftly
                  | and evasively. [Tengu growth]
  2694 | D:4      | Reached XP level 5. HP: 14/34 MP: 9/9
  2911 | D:4      | Noticed an ogre
  3237 | D:4      | Found Leor's Weapon Shoppe.
  3501 | D:4      | Reached skill level 1 in Throwing
  3655 | D:4      | Reached XP level 6. HP: 26/40 MP: 10/10
  3763 | D:4      | Found an ornate altar of the Wu Jian Council.
  3878 | D:4      | Slain by an orc

Illustrated notes

Levels and vault maps discovered:
D:1:      lightli_arrival_noodles, layout_basic, basic_ecumenical_altar
D:2:      layout_basic, basic_altar
D:3:      layout_rooms, st_stairs_8
D:4:      layout_basic, mainiacjoe_overflow_surrounded_room,
          nicolae_ru_awakened_eye, serial_shops,
          nicolae_shop_bloodbath_and_beyond

Skill      XL: |  1  2  3  4  5  6 |
---------------+-------------------+-----
Fighting       | 1 2 3 4 |  4.8
Throwing       | 2 3 |  3.1
Short Blades   | |  1.1
Dodging        | |  2.1
Stealth        | |  3.0
Spellcasting   | |  2.0
Hexes          | |  2.1

Action                   |  1- 3 |  4- 6 || total
-------------------------+-------+-------++-------
Melee: Dagger            |    95 |   135 ||   230
       Kick              |    28 |    41 ||    69
       Peck              |     9 |    19 ||    28
       Punch             |     3 |     3 ||     6
Throw: Dart              |       |     1 ||     1
 Stab: Sleeping          |     3 |     1 ||     4
       Distracted        |     1 |       ||     1
Armor: Robe              |     9 |       ||     9
       Ring mail         |     6 |       ||     6
       Leather armour    |       |    29 ||    29
Dodge: Dodged            |    47 |    76 ||   123
